 Dungeon Crawl Stone Soup version 0.24-a0-459-g225fefd530 (webtiles) character file.

Game seed: 8678907504127880303

9 Iscandelvey the Vexing (level 2, 21/21 HPs)
             Began as a Demonspawn Arcane Marksman on June 28, 2019.
             Quit the game on level 1 of the Dungeon.
             The game lasted 00:00:08 (179 turns).

Iscandelvey the Vexing (Demonspawn Arcane Marksman)  Turns: 179, Time: 00:00:09

Health: 21/21      AC:  2    Str: 10    XL:     2   Next: 3%
Magic:  3/3        EV: 14    Int: 14    God:
Gold:   0          SH:  0    Dex: 13    Spells: 2/3 levels left

rFire    . . .     SeeInvis .   a - +0 hunting sling
rCold    . . .     Gourm    .   (no shield)
rNeg     . . .     Faith    .   e - +0 robe
rPois    .         Spirit   .   (no helmet)
rElec    .         Reflect  .   (no cloak)
rCorr    .         Harm     .   (no gloves)
MR       .....                  (no boots)
Stlth    +.........             (no amulet)
HPRegen  0.07/turn              (no ring)
MPRegen  0.08/turn              (no ring)

@: no status effects
A: repulsion field 1
a: no special abilities


You were on level 1 of the Dungeon.
You were not hungry.

You visited 1 branch of the dungeon, and saw 1 of its levels.

Inventory:

Hand Weapons
 a - a +0 hunting sling (weapon)
Missiles
 b - 5 stones
 d - 18 sling bullets (quivered)
Armour
 e - a +0 robe (worn)
Scrolls
 c - a scroll of enchant armour {unknown}
Comestibles
 f - 2 rations


   Skills:
 + Level 1.0 Fighting
 + Level 1.9 Slings
 + Level 1.7 Dodging
 + Level 1.0 Spellcasting
 + Level 3.5 Hexes


You had 2 spell levels left.
You knew the following spells:

 Your Spells              Type           Power        Failure   Level  Hunger
a - Corona                Hex            ##.....      6%          1    ##.....

Your spell library contained the following spells:

 Spells                   Type           Power        Failure   Level  Hunger
 Slow                     Hex            ##......     10%         2    ###....
 Inner Flame              Hex/Fire       #.......     36%         3    ####...
 Portal Projectile        Hex/Tloc       #.....       36%         3    ####...
 Cause Fear               Hex            ##........   52%         4    #####..
 Leda's Liquefaction      Hex/Erth       #.........   77%         4    #####..


Dungeon Overview and Level Annotations

Branches:
Dungeon (1/15)

Altars:


Innate Abilities, Weirdness & Mutations

You are surrounded by a mild repulsion field. (EV +2)


Message History

Found a dagger.
No target in view!
Found a stone staircase leading down.
No target in view!
Found a stone staircase leading down.
No target in view!
As you open the door, it creaks loudly!
There is an open door here.
A goblin comes into view. It is wielding a +0 dagger.
Firing (i - inventory. (/) - cycle)
d - 19 sling bullets (quivered)
Press: ? - help, Shift-Dir - straight line, f - goblin
Aim: a goblin, wielding a +0 dagger (hasn't noticed you)
You shoot a sling bullet. The goblin shouts!
The sling bullet hits the goblin.
You kill the goblin!
You have reached level 2!
Your demonic ancestry asserts itself...
You begin to radiate repulsive energy.
Are you sure you want to abandon this character and quit the game? (Confirm with "yes".)

.#.#.#.#.#.#......#.....#....#.#
.........(........#.###.#.#..#.#
................#.#.###.#.#.>#..
..........).......#.##..#.####
####...........###.##.##.#
#...........'....#.##.#
###...........######.##.#
#.....................##'##
#.##.....)....@.###.......# #
######+######.# #.......#
#≈≈≈≈♣≈♣≈≈≈≈#.# #.......###
#≈.P.....P.≈#.###.........##
#≈PPP...PPP≈#...........#..#
#.#♣.P.....P.♣#..............#
#..≈....<....≈..........#.#..#
##♣.♣.....P.♣##.............#
#≈♣♣♣...PPP≈##...........###


There were no monsters in sight!

Vanquished Creatures
  A dart slug (D:1)
  2 goblins (D:1)
  A hobgoblin (D:1)
  A kobold (D:1)
  A frilled lizard (D:1)
6 creatures vanquished.

Notes
Turn   | Place    | Note
-------+----------+-------------------------------------------
     0 | D:1      | Iscandelvey the Demonspawn Arcane Marksman began the quest
                  | for the Orb.
     0 | D:1      | Reached XP level 1. HP: 15/15 MP: 2/2
   178 | D:1      | Gained mutation: You are surrounded by a mild repulsion
                  | field. (EV +2) [demonic ancestry]
   178 | D:1      | Reached XP level 2. HP: 21/21 MP: 3/3
   179 | D:1      | Quit the game

Levels and vault maps discovered:
D:1:      ldierk_walled_garden, layout_basic, minivault_23,
          minmay_misc_feat_five

Action                   || total
-------------------------++-------
 Fire: Hunting sling     ||    19
Dodge: Dodged            ||     1

Table legend:
 A = Non-vault XP
 B = Vault XP
 C = Vault XP percentage of total XP
 D = Non-vault monster count
 E = Vault monster count
 F = Vault count percentage of total count
                 A         B        C        D         E       F
            +---------+---------+-------+---------+---------+-------
      Total |      13 |       0 |   0.0 |       6 |       0 |   0.0
            +---------+---------+-------+---------+---------+-------
        D:1 |      13 |       0 |   0.0 |       6 |       0 |   0.0
            +---------+---------+-------+---------+---------+-------
